 Dungeon Sprint DCSS version 0.15-a0-23-gfd8676b (webtiles) character file.

1772 BluebellGnoll the Unseen (level 8, 0/36 HPs)
             Began as a Spriggan Enchanter on Mar 31, 2014.
             Killed from afar by a burning bush (12 damage)
             ... with a puff of flame
             ... in the Dungeon (Sprint IV: "Fedhas' Mad Dash").
             The game lasted 00:08:57 (571 turns).

BluebellGnoll the Unseen (Spriggan Enchanter)        Turns: 571, Time: 00:08:57

HP   0/36        AC  3     Str  4      XL: 8   Next: 77%
MP  26/27        EV 25     Int 19      God:
Gold 33          SH  0     Dex 16      Spells:  6 memorised,  4 levels left

rFire  . . .     SeeInvis +     a - +1 dagger
rCold  + . .     Clarity  .     b - +1 robe
rNeg   . . .     Conserve .     (shield restricted)
rPois  .         rCorr    .     (helmet restricted)
rElec  .         rRot     .     (no cloak)
SustAb . .       Spirit   .     (gloves unavailable)
rMut   .         Warding  .     (boots unavailable)
Saprov . . .     NoTele   +     (no amulet)
MR     +....                    o - ring of protection from cold
                                j - ring of invisibility

@: very slightly contaminated, bonded with blade, hasted, very quick, somewhat
resistant to hostile enchantments, incredibly stealthy
A: unfitting armour, see invisible, herbivore 3, speed 3, slow metabolism 2
a: Evoke Invisibility


You were in the Dungeon.
You were not hungry.

You visited 1 branch You collected 110 gold pieces.
You spent 77 gold pieces at shops.

Inventory:

Hand weapons
 a - a +1,+1 dagger (weapon)
Missiles
 d - 12 darts (quivered)
Armour
 b - a +1 robe (worn)
Magical devices
 p - a wand of lightning (0)
Comestibles
 n - 3 honeycombs
Scrolls
 r - a scroll of remove curse
 t - a scroll of fog
Jewellery
 j - a ring of invisibility (left hand)
 o - a ring of protection from cold (right hand)
Potions
 e - a potion of porridge
 f - a potion of curing
 g - 2 potions of heal wounds
 i - 2 potions of magic
Books
 c - a book of Maledictions

   Spells                             Type                      Level
   *Corona                            Hexes                        1
   *Sure Blade                        Hexes/Charms                 2
   *Ensorcelled Hibernation           Hexes/Ice                    2
   *Confuse                           Hexes                        3
   *Enslavement                       Hexes                        4
   *Invisibility                      Hexes                        6
Miscellaneous
 q - a plain deck of changes


   Skills:
 * Level 7.9 Short Blades
 - Level 1.1 Throwing
 * Level 10.0 Dodging
 - Level 20.3 Stealth
 - Level 7.7 Spellcasting
 - Level 8.8 Hexes


You had 4 spell levels left.
You knew the following spells:

 Your Spells              Type           Power        Failure   Level  Hunger
a - Corona                Hex            #####..      1%          1    None
b - Ensorcelled Hibernat  Hex/Ice        ###...       2%          2    None
c - Confuse               Hex            #####...     1%          3    #......
d - Sure Blade            Hex/Chrm       ###.......   2%          2    None
e - Enslavement           Hex            #####...     2%          4    ###....
f - Invisibility          Hex            #####...     41%         6    ######.


Dungeon Overview and Level Annotations

Branches:
Dungeon (1/1)

Altars:
Cheibriados
Dithmenos
Elyvilon
Kikubaaqudgha
Makhleb
Nemelex Xobeh
Okawaru
Sif Muna
Trog
Vehumet
Xom
Yredelemnul
Zin
The Shining One
Beogh
Jiyva
Lugonu

Shops:
D [[=?


Innate Abilities, Weirdness & Mutations

You are tiny and cannot use many weapons and most armour.
You have supernaturally acute eyesight.
You are a herbivore.
You cover ground extremely quickly.
You need consume almost no food.


Message History

The burning bush is severely damaged.
You hit the burning bush but do no damage.
The burning bush is severely damaged.
The burning bush throws fire at you. The puff of flame misses you.
You hit the burning bush but do no damage.
The burning bush is severely damaged.
You hit the burning bush but do no damage.
The burning bush is severely damaged.
The burning bush throws fire at you. The puff of flame hits you!
You hit the burning bush but do no damage.
The burning bush is severely damaged.
You hit the burning bush but do no damage.
The burning bush is severely damaged.
You hit the burning bush but do no damage.
The burning bush is severely damaged.
The burning bush throws fire at you. The puff of flame hits you!
You die...

#ff..'.[...'.#...'._._
#ffff#.....#.#...#.._.
###############'##._._
#%..♣........'...#.⌠..
#......♣.....#...#####
#.%...♣..♣..######
##'####'#####
#(.#$$$$+ #..#P@###
#######


You could see a burning bush.

Vanquished Creatures
  An oklob plant (D)
  A burning bush (D)
  A queen bee (D)
  2 wandering mushrooms (D)
  2 scorpions (D)
  4 killer bees (D)
  4 oklob saplings (D)
  A worker ant (D)
  2 spriggans (D)
  A green rat (D)
  A rat (D)
20 creatures vanquished.

Notes
Turn   | Place    | Note
--------------------------------------------------------------
     0 | D        | BluebellGnoll, the Spriggan Enchanter, began the quest for the Orb.
     0 | D        | Reached XP level 1. HP: 9/9 MP: 4/4
     9 | D        | Reached skill level 7 in Stealth
     9 | D        | Reached XP level 2. HP: 13/13 MP: 7/7
    21 | D        | Learned a level 2 spell: Ensorcelled Hibernation
    49 | D        | Noticed an oklob sapling
    51 | D        | Killed an oklob sapling
    51 | D        | Reached skill level 10 in Stealth
    51 | D        | Reached XP level 3. HP: 16/16 MP: 9/9
    53 | D        | Noticed a worker ant
    56 | D        | Killed a worker ant
    56 | D        | Reached skill level 11 in Stealth
    78 | D        | Learned a level 3 spell: Confuse
    78 | D        | Noticed an oklob sapling
    81 | D        | Killed an oklob sapling
    81 | D        | Reached skill level 12 in Stealth
    81 | D        | Reached XP level 4. HP: 21/21 MP: 12/12
    85 | D        | Learned a level 2 spell: Sure Blade
    98 | D        | Noticed a queen bee
    99 | D        | Noticed a killer bee
   100 | D        | Noticed a killer bee
   102 | D        | Noticed a killer bee
   102 | D        | Noticed a killer bee
   106 | D        | Killed a killer bee
   106 | D        | Reached skill level 14 in Stealth
   107 | D        | Killed a killer bee
   107 | D        | Reached skill level 15 in Stealth
   107 | D        | Reached XP level 5. HP: 24/24 MP: 10/14
   109 | D        | Killed a killer bee
   109 | D        | Reached skill level 16 in Stealth
   111 | D        | Killed a killer bee
   111 | D        | Reached skill level 17 in Stealth
   112 | D        | Killed a queen bee
   112 | D        | Reached skill level 20 in Stealth
   112 | D        | Reached XP level 6. HP: 28/28 MP: 12/17
   114 | D        | Noticed an oklob plant
   118 | D        | Killed an oklob plant
   118 | D        | Reached XP level 7. HP: 32/32 MP: 10/25
   205 | D        | Learned a level 4 spell: Enslavement
   212 | D        | Learned a level 6 spell: Invisibility
   214 | D        | Noticed a burning bush
   230 | D        | Found a snail-covered altar of Cheibriados.
   230 | D        | Found a glowing silver altar of Zin.
   230 | D        | Found a white marble altar of Elyvilon.
   231 | D        | Found a glowing golden altar of the Shining One.
   231 | D        | Found a viscous altar of Jiyva.
   231 | D        | Found a radiant altar of Vehumet.
   231 | D        | Found a deep blue altar of Sif Muna.
   231 | D        | Found an ancient bone altar of Kikubaaqudgha.
   231 | D        | Found a bloodstained altar of Trog.
   231 | D        | Found a corrupted altar of Lugonu.
   231 | D        | Noticed an oklob sapling priest
   232 | D        | Found a burning altar of Makhleb.
   232 | D        | Found a sparkling altar of Nemelex Xobeh.
   233 | D        | Found an iron altar of Okawaru.
   234 | D        | Found a shadowy altar of Dithmenos.
   234 | D        | Found a shimmering altar of Xom.
   235 | D        | Found a basalt altar of Yredelemnul.
   236 | D        | Found a roughly hewn altar of Beogh.
   237 | D        | Killed an oklob sapling priest
   246 | D        | Noticed an oklob sapling wizard
   249 | D        | Killed an oklob sapling wizard
   260 | D        | Noticed a scorpion
   270 | D        | Killed a scorpion
   270 | D        | Reached XP level 8. HP: 36/36 MP: 17/27
   288 | D        | Found Anuudgh's Antique Armour Shop.
   288 | D        | Found Tyehoown's Armour Emporium.
   327 | D        | Noticed a burning bush
   327 | D        | Noticed a wandering mushroom
   328 | D        | Noticed a scorpion
   328 | D        | Noticed a wandering mushroom
   331 | D        | Killed a burning bush
   331 | D        | Reached skill level 5 in Short Blades
   332 | D        | Killed a wandering mushroom
   341 | D        | Killed a scorpion
   404 | D        | Killed a wandering mushroom
   404 | D        | Reached skill level 10 in Dodging
   407 | D        | Found Xuasaun's Magic Scroll Emporium.
   407 | D        | Found Twuag's Jewellery Shoppe.
   415 | D        | Bought a scroll of remove curse for 33 gold pieces
   415 | D        | Bought a scroll of identify for 22 gold pieces
   415 | D        | Bought a scroll of fog for 22 gold pieces
   571 | D        | Killed from afar by a burning bush

Action                   |  1- 3 |  4- 6 |  7- 9 || total
-------------------------+-------+-------+-------++-------
Melee: Dagger            |    10 |     6 |    27 ||    43
 Cast: Sure Blade        |       |     2 |     4 ||     6
       Confuse           |       |       |     6 ||     6
       Ensorcelled Hiber |       |       |     1 ||     1
 Abil: Evoke Invisibilit |       |     1 |     1 ||     2
Evoke: Wand              |       |       |     4 ||     4
  Use: Potion            |     1 |       |     3 ||     4
       Scroll            |       |       |     3 ||     3
 Stab: Sleeping          |     3 |     6 |     5 ||    14
       Confused          |       |       |     3 ||     3
       Invisible         |       |       |     1 ||     1
